 Dungeon Crawl Stone Soup version 0.20.1-1-g8b1a95d (webtiles) character file.

430 equalderp2856 the Skirmisher (level 6, -7/48 HPs)
             Began as a Mummy Fighter on July 15, 2017.
             Killed by divine providence
             ... invoked by an orc priest
              (14 damage)
             ... on level 5 of the Dungeon.
             The game lasted 00:13:08 (4615 turns).

equalderp2856 the Skirmisher (Mummy Fighter)        Turns: 4615, Time: 00:13:09

Health: -7/48      AC: 11    Str: 20    XL:     6   Next: 66%
Magic:  6/6        EV:  5    Int:  9    God:
Gold:   262        SH:  9    Dex: 11    Spells: 5/5 levels left

rFire    x . .     SeeInvis .   a - +0 long sword
rCold    + . .     Gourm    .   c - +0 shield
rNeg     + + +     Faith    .   d - +0 chain mail
rPois    ∞         Spirit   .   m - +0 helmet
rElec    .         Reflect  .   (no cloak)
rCorr    .         Harm     .   (no gloves)
MR       .....                  v - +0 pair of boots
Stlth    ..........             (no amulet)
Regen    0.2/turn               o - ring of flight
MPRegen  0.1/turn               (no ring)

@: no status effects
A: no food or potions, fire vulnerability, cold resistance 1, negative energy
resistance 3, torment resistance, unbreathing
a: Evoke Flight


You were on level 5 of the Dungeon.
You were not hungry.

You visited 1 branch of the dungeon, and saw 5 of its levels.
You also visited: Sewer.

You collected 262 gold pieces.

Inventory:

Hand Weapons
 a - a +0 long sword (weapon)
 l - a +0 short sword
 n - a +3 dagger
 w - a +0 dagger
Missiles
 g - 85 arrows
 i - 186 stones (quivered)
 j - 27 poisoned needles
 u - 5 javelins
 x - 4 tomahawks
 B - 25 sling bullets
Armour
 b - a +0 scale mail
 c - a +0 shield (worn)
 d - a +0 chain mail (worn)
 e - a +0 troll leather armour {Purgy}
 k - a +0 robe
 m - a +0 helmet (worn)
 t - a +0 chain mail
 v - a +0 pair of boots (worn)
Jewellery
 o - a ring of flight (left hand)
 z - an uncursed ring of protection from fire {unknown}
Wands
 p - a wand of random effects (15/48)
Scrolls
 f - 7 scrolls of teleportation
 h - a scroll of blinking
 q - 3 scrolls of remove curse
 r - 4 scrolls of identify
 y - a scroll of enchant weapon {unknown}
 A - a scroll of magic mapping
Books
 s - a book of Minor Magic

   Spells                             Type                      Level
   a - Magic Dart                     Conjuration                  1
   b - Blink                          Translocation                2
   c - Call Imp                       Summoning                    2
   d - Slow                           Hexes                        2
   e - Conjure Flame                  Conjuration/Fire             3
   f - Mephitic Cloud                 Conjuration/Poison/Air       3


   Skills:
 + Level 3.9 Fighting
 + Level 3.6 Long Blades
 + Level 3.6 Armour
 + Level 1.1 Dodging
 + Level 3.6 Shields
 + Level 0.1 Evocations


You had 5 spell levels left.
You didn't know any spells.

Dungeon Overview and Level Annotations

Branches:
Dungeon (5/15)             Temple (0/1) D:4

Altars:
Kikubaaqudgha
Nemelex Xobeh
Qazlal
Trog
The Shining One

Annotations:
D:5 Grinder


Innate Abilities, Weirdness & Mutations

You do not eat or drink.
Your flesh is vulnerable to fire.
You are immune to poison.
Your flesh is cold resistant. (rC+)
You are immune to negative energy. (rN+++)
You are immune to unholy pain and torment.
You can survive without breathing.


Message History

The orc hits you with a mace. Grinder gestures at you.
You shrug off the repeated paralysis!
The orc hits you but does no damage. Grinder hits you.
The orc priest hits you but does no damage.
The orc hits you with a whip of venom. The orc completely misses you.
Grinder hits you! The orc priest hits you.
The orc hits you with a whip of venom.
You can move again.
You block the orc's attack. Grinder hits you.
The orc hits you but does no damage.
There is an open door here.
Grinder says, "FISH!"
The orc priest calls down the wrath of Beogh upon you.
Beogh smites you!
* * * LOW HITPOINT WARNING * * *
There is a stone staircase leading up here.
The orc priest mumbles some strange prayers to Beogh against you.
Beogh smites you!
You die...

######..###.#
#..###.# #......#
##.##### #.# #.# #.##
########..##
#....@...#.##
!#.####..###.##
........## ##.######
.#.####.o###.........
#o#o#.########.
.####o#..##
...%..#'## ###..o##
##.....##


You could see an orc priest and 3 orcs.

Vanquished Creatures
  Purgy (Sewer)
  A scorpion (D:4)
  A howler monkey (D:3)
  A centaur zombie (D:5)
  Jessica (D:2)
  An iguana (D:4)
  A worker ant (D:4)
  5 adders
  2 oozes
  3 worms
  3 leopard geckos
  5 orcs
  2 ball pythons (Sewer)
  3 bats
  2 giant cockroaches (D:1)
  7 goblins
  7 hobgoblins
  12 jackals
  3 quokkas
  10 frilled lizards
  A jackal skeleton (D:4)
  5 kobolds
  7 rats
84 creatures vanquished.

Notes
Turn   | Place    | Note
-------+----------+-------------------------------------------
     0 | D:1      | equalderp2856 the Mummy Fighter began the quest for the Orb.
     0 | D:1      | Reached XP level 1. HP: 18/18 MP: 1/1
   225 | D:1      | Reached XP level 2. HP: 24/24 MP: 2/2
   831 | D:1      | Reached XP level 3. HP: 29/29 MP: 3/3
  1281 | D:1      | You fall through a shaft!
  1340 | D:2      | Noticed Jessica
  1346 | D:2      | Killed Jessica
  1402 | D:2      | Reached XP level 4. HP: 35/35 MP: 4/4
  1563 | D:2      | Found an ancient bone altar of Kikubaaqudgha.
  1705 | D:2      | Found a glowing golden altar of the Shining One.
  1824 | D:3      | Found a stormy altar of Qazlal.
  1833 | D:3      | Found a sparkling altar of Nemelex Xobeh.
  1838 | D:3      | Found a bloodstained altar of Trog.
  2071 | D:3      | Found a glowing drain.
  2075 | Sewer    | Entered a sewer
  2084 | Sewer    | Reached XP level 5. HP: 29/41 MP: 5/5
  2214 | Sewer    | Noticed Purgy
  2235 | Sewer    | Killed Purgy
  2235 | Sewer    | Reached skill level 1 in Dodging
  3715 | D:4      | Reached XP level 6. HP: 34/47 MP: 6/6
  4122 | D:4      | Found a staircase to the Ecumenical Temple.
  4303 | D:5      | Entered Level 5 of the Dungeon
  4593 | D:5      | Noticed Grinder
  4602 | D:5      | Paralysed by Grinder for 5 turns
  4615 | D:5      | Killed from afar by an orc priest

Skill      XL: |  1  2  3  4  5 |
---------------+----------------+-----
Long Blades    | 2 3 |  3.6
Armour         | 3 |  3.6
Shields        | 3 |  3.6
Dodging        | 1 |  1.1
Fighting       | |  3.9
Evocations     | |  0.1

Action                   |  1- 3 |  4- 6 || total
-------------------------+-------+-------++-------
Melee: Long sword        |   107 |   263 ||   370
 Abil: Evoke Flight      |       |     5 ||     5
  Use: Scroll            |       |     7 ||     7
Armor: Scale mail        |    59 |     7 ||    66
       Chain mail        |       |   176 ||   176
Dodge: Dodged            |    48 |    54 ||   102
Block: Shield            |    63 |   136 ||   199
       Rpst.: Long sword |    17 |    15 ||    32
